 Seeded DCSS version 0.30-a0-883-g5ad918d77d (webtiles) character file.

Game seed: 11033665903389341863 (custom seed)

3153 bmack86 the Cleaver (level 9, -5/79 HPs)
             Began as a Minotaur Fighter on Mar 16, 2023.
             Was a Follower of Okawaru.
             Slain by a fire elemental (11 damage)
             ... summoned by a deep elf pyromancer
             ... on level 8 of the Dungeon.
             The game lasted 00:22:29 (7366 turns).

bmack86 the Cleaver (Minotaur Fighter)              Turns: 7366, Time: 00:22:30

Health: -5/79      AC: 14    Str: 25    XL:     9   Next: 62%
Magic:  9/9        EV:  5    Int: 11    God:    Okawaru [*.....]
Gold:   296        SH:  6    Dex: 16    Spells: 8/8 levels left

rFire   . . .      SeeInvis .    a - +0 war axe
rCold   . . .      Faith    .    c - +0 buckler
rNeg    . . .      Spirit   .    u - +1 chain mail {Will+}
rPois   .          Reflect  .    (helmet restricted)
rElec   .          Rampage  .    (no cloak)
rCorr   .                        B - +1 pair of gloves
Will    +....                    (no boots) Stlth
                                 (no amulet)
HPRegen 0.33/turn                e - +6 ring of dexterity
MPRegen 0.11/turn                j - +6 ring of intelligence

@: grasped by roots, constricted
A: horns 2, retaliatory headbutt
a: Renounce Religion, Heroism


You were on level 8 of the Dungeon.
You worshipped Okawaru.
Okawaru was aware of your devotion.
You visited 2 branches of the dungeon, and saw 9 of its levels.
You also visited: Sewer.

You collected 521 gold pieces.
You spent 225 gold pieces at shops.

Inventory:

Hand Weapons
 a - a +0 war axe (weapon)
Missiles
 f - 33 poisoned darts (quivered)
 r - 3 curare-tipped darts
 y - a throwing net
Armour
 b - a +0 scale mail
 c - a +0 buckler (worn)
 u - a +1 chain mail of willpower (worn)
 B - a +1 pair of gloves (worn)
 D - a +0 tower shield
Jewellery
 e - a +6 ring of dexterity (left hand)
 j - a +6 ring of intelligence (right hand)
 v - a ring of fire
Wands
 s - a wand of flame (16)
 w - a wand of acid (10)
 x - a wand of paralysis (6)
Scrolls
 h - 2 scrolls of noise
 l - a scroll of teleportation
 m - 3 scrolls of magic mapping
 n - a scroll of amnesia
 q - a scroll of fear
 t - 3 scrolls of fog
 z - a scroll of vulnerability
Potions
 d - a potion of might
 g - a potion of curing
 i - a potion of mutation
 k - a potion of attraction
 o - a potion of ambrosia
 p - 3 potions of magic
 A - 2 potions of heal wounds
 C - a potion of brilliance
 E - 4 potions of resistance {unknown}
 F - 3 potions of haste
 H - 2 potions of cancellation {unknown}


   Skills:
 + Level 7.4 Fighting
 * Level 9.6 Axes
 + Level 5.1 Throwing
 + Level 7.4 Armour
 + Level 7.5 Shields
 + Level 2.2 Invocations


You had 8 spell levels left.
You didn't know any spells.
Your spell library contained the following spells:

 Spells                   Type           Power      Damage    Failure   Level
 Portal Projectile        Hex/Tloc       0%         N/A       100%        3
 Blade Hands              Tmut           0%         N/A       100%        5
 Tukima's Dance           Hex            Unusable   N/A       N/A         3

Dungeon Overview and Level Annotations

Branches:
Dungeon (8/15)             Temple (1/1) D:7           Sewer (visited)
   Lair: D:8-11

Altars:
Ashenzari
Cheibriados
Elyvilon
Fedhas
Gozag
Hepliaklqana
Kikubaaqudgha
Makhleb
Nemelex Xobeh
Okawaru
Qazlal
Ru
Sif Muna
Trog
Uskayaw
Vehumet
Wu Jian
Xom
Yredelemnul
Zin
The Shining One
Lugonu

Shops:
D:1 *=?!   D:3 *   D:5 :   D:6 *

Annotations:
D:8 Maurice


Innate Abilities, Weirdness & Mutations

You have a pair of horns on your head.
You reflexively headbutt those who attack you in melee.


Message History

You closely miss the bullfrog. You headbutt the bullfrog.
The bullfrog is severely wounded.
The bullfrog barely misses you.
Maurice mumbles some strange words.
Maurice flickers and vanishes!
Deactivating autopickup; reactivate with Ctrl-A.
The deep elf pyromancer gestures wildly while chanting.
The deep elf pyromancer blinks!
You slash the bullfrog!
You kill the bullfrog!
Okawaru accepts your kill.
You hit the orc but do no damage. Your headbutt misses the orc.
The orc hits you but does no damage.
You slash the orc!
You kill the orc!
Okawaru accepts your kill.
You closely miss something. Something hits you but does no damage.
The deep elf pyromancer casts a spell.
Something hits you but does no damage.
The deep elf pyromancer points at you and mumbles some strange words.
The bolt of fire hits you!!!
The bolt of fire hits something!
You see here a +0 dagger.
Something hits you but does no damage. Something hits you.
Something steals 2 of your 3 scrolls of teleportation!
The fire elemental hits you. The fire elemental burns you!
* * * LOW HITPOINT WARNING * * *
The deep elf pyromancer casts a spell.
You barely miss the fire elemental. You barely miss something.
The fire elemental hits you. The fire elemental burns you!
* * * LOW HITPOINT WARNING * * *
You hear a zap.
The roots erupt in riotous growth!
The grasping roots grab you!
The fire elemental is unaffected.
You are constricted.
The fire elemental hits you. The fire elemental burns you!
* * * LOW HITPOINT WARNING * * *
You closely miss the fire elemental. You barely miss something.
The fire elemental hits you. The fire elemental burns you!
You die...

*,* *,***,,,**,*#.# *,*
#.##.....#.##.# *,*
*.#........##.# *,*
*,.........*#.####### *,*
***.○.....**#.......# *,*
**.○E..** #######.# *,* **Ee.**
#.# *,* *********#E#* #.# *,*
*,,,,,,* #@############.# #,*
*,****,* #{)##..........#
#,*****,**##.####.##.##########
#>,,,....,.........#.####
#****#..#*##.####.......# ##
#..# *,* #..#.##.# .#####..#
*,*###..#.##.# ......<.#
*,,,......##.# .#####..#
***###..####.#


You could see a deep elf pyromancer and 3 fire elementals.

Vanquished Creatures
  A hornet (D:7)
  A wyvern (D:6)
  2 water moccasins (D:6)
  Pargi (D:4)
  A sky beast (D:7)
  3 centaurs
  6 kobold brigands
  3 scorpions
  3 bullfrogs
  5 wights (D:7)
  11 killer bees
  A howler monkey (D:7)
  4 hounds
  2 orc priests (D:7)
  3 iguanas
  A sleepcap (D:7)
  Natasha (twice) (D:2)
  An orc wizard (D:3)
  3 gnolls (D:4)
  7 adders
  2 white imps
  2 ufetubi (D:6)
  4 worms
  A dart slug (D:1)
  21 orcs
  7 ball pythons
  4 bats
  8 endoplasms
  5 giant cockroaches
  7 goblins
  9 hobgoblins
  5 quokkas
  6 frilled lizards
  22 kobolds
  15 rats
179 creatures vanquished.

Vanquished Creatures (others)
  A demonic plant (Temple)
  2 fungi (Sewer)
  5 plants (Sewer)
8 creatures vanquished.

Grand Total: 187 creatures vanquished

Notes
Turn   | Place    | Note
-------+----------+-------------------------------------------
     0 | D:1      | bmack86 the Minotaur Fighter began the quest for the Orb.
     0 | D:1      | Reached XP level 1. HP: 19/19 MP: 0/0
    81 | D:1      | Found Ziuzus's Assorted Antiques.
   215 | D:1      | Found Nede's Distillery.
   323 | D:1      | Reached XP level 2. HP: 25/27 MP: 1/1
   386 | D:1      | Found Xeewk's Assorted Antiques.
   483 | D:1      | Found Evatt's Magic Scroll Boutique.
   511 | D:1      | Reached skill level 3 in Axes
   715 | D:1      | Found Feur's Jewellery Shoppe.
   897 | D:2      | Found a burning altar of Makhleb.
   910 | D:2      | Reached skill level 1 in Throwing
   910 | D:2      | Reached XP level 3. HP: 33/33 MP: 2/2
  1165 | D:2      | Noticed Natasha
  1171 | D:2      | Killed Natasha
  1172 | D:2      | Reached XP level 4. HP: 39/40 MP: 3/3
  1489 | D:2      | Noticed Natasha
  1496 | D:2      | Killed Natasha
  1655 | D:3      | Reached skill level 4 in Axes
  1655 | D:3      | Reached XP level 5. HP: 45/46 MP: 4/4
  1780 | D:3      | Noticed a +0 hand axe
  1780 | D:3      | Noticed a +0 hand axe
  1784 | D:3      | Found a hide-covered altar of Uskayaw.
  2127 | D:3      | Found Kaelario's General Store.
  2560 | D:4      | Reached XP level 6. HP: 53/53 MP: 5/5
  2572 | D:4      | Reached skill level 5 in Axes
  2592 | D:4      | Reached skill level 5 in Shields
  2663 | D:1      | Bought a runed chain mail for 225 gold pieces
  2836 | D:4      | Reached skill level 5 in Fighting
  2889 | D:4      | Identified the +2 mace "Ciuxtonk" {flame, rPois Will-
                  | Dex+4}
  3038 | D:4      | Noticed Pargi
  3047 | D:4      | Killed Pargi
  3048 | D:4      | Reached skill level 5 in Armour
  3048 | D:4      | Reached XP level 7. HP: 59/61 MP: 6/6
  3523 | D:5      | Entered Level 5 of the Dungeon
  3644 | D:5      | Found Amomez's Book Emporium.
  3777 | D:5      | Found a white marble altar of Elyvilon.
  3901 | D:5      | Found a burning altar of Makhleb.
  3965 | D:5      | Reached skill level 6 in Axes
  4110 | D:5      | Found a glowing golden altar of the Shining One.
  4410 | D:6      | Found Zin's Purification Station.
  4414 | D:6      | Found a glowing silver altar of Zin.
  4468 | D:6      | Found a stormy altar of Qazlal.
  4621 | D:6      | Found a glowing drain.
  4625 | Sewer    | Entered a sewer
  4656 | Sewer    | Reached XP level 8. HP: 70/70 MP: 7/7
  4772 | Sewer    | Reached skill level 7 in Axes
  5280 | D:6      | Found a shimmering altar of Xom.
  5473 | D:6      | Reached skill level 8 in Axes
  5636 | D:7      | Reached XP level 9. HP: 39/78 MP: 8/8
  5636 | D:7      | Found a staircase to the Ecumenical Temple.
  5650 | Temple   | Entered the Ecumenical Temple
  5670 | Temple   | Became a worshipper of Warmaster Okawaru
  5854 | D:7      | Found an opulent altar of Gozag.
  6050 | D:7      | Found a sparkling altar of Nemelex Xobeh.
  6102 | D:7      | Reached skill level 9 in Axes
  6102 | D:7      | Reached skill level 1 in Invocations
  6163 | D:7      | Reached * piety under Okawaru
  6164 | D:7      | Found a shimmering blue altar of Sif Muna.
  6791 | D:8      | Reached skill level 5 in Throwing
  7155 | D:8      | Found a basalt altar of Yredelemnul.
  7174 | D:8      | Found a broken altar of Ashenzari.
  7175 | D:8      | Found a sacrificial altar of Ru.
  7348 | D:8      | Noticed a deep elf pyromancer
  7351 | D:8      | Noticed Maurice
  7366 | D:8      | Slain by a fire elemental

Illustrated notes

Levels and vault maps discovered:
D:1:      dpeg_arrival_more_subterranean_lakeside_camping, layout_loops_corners,
          serial_shops, nicolae_shop_trees, shop_statue, shop,
          nicolae_shop_hallway_plus, shop
D:2:      layout_basic, basic_altar, grunt_ministairs_5, uniq_natasha
D:3:      layout_loops_ring, dancing_weapons_uskayaw, serial_shops,
          nicolae_shop_hallway_stairs, grunt_ministairs_7,
          minmay_misc_feat_rugged, bh_walls_and_bars
D:4:      layout_cave_pods, uniq_pargi
D:5:      layout_loops_cross, mainiacjoe_overflow_alcove_2,
          lemuel_coloured_pillars_altar, nicolae_elyvilon_temple_path,
          serial_shops, shop
D:6:      layout_rooms, mainiacjoe_overflow_concentric_impassable, zin_purify,
          mainiacjoe_overflow_chevrons, gup_sewer_entry_spiral
D:7:      layout_basic, nicolae_overflow_crystal_walls, general_overflow_altar,
          nicolae_gozag_cash_rules_everything_around_me,
          minmay_temple_entry_junction
D:8:      layout_loops_ring, yredelemnul_altar_generic,
          gammafunk_temple_overflow_statue, uniq_maurice
Temple:   corrupted_temple

Skill      XL: |  1  2  3  4  5  6  7  8  9 |
---------------+----------------------------+-----
Axes           | 3 4 5 6 8 9 |  9.6
Shields        | 4 5 6 7 |  7.5
Throwing       | 1 2 3 4 5 |  5.1
Fighting       | 4 5 6 7 |  7.4
Armour         | 4 5 6 7 |  7.4
Invocations    | 2 |  2.2

Action                     |  1- 3 |  4- 6 |  7- 9 || total
---------------------------+-------+-------+-------++-------
  Melee: War axe           |    59 |   105 |   285 ||   449
         Headbutt          |     4 |    17 |    49 ||    70
  Throw: Dart              |       |       |    29 ||    29
    Use: Scroll            |       |     5 |    14 ||    19
         Potion            |       |       |     4 ||     4
 Armour: Scale mail        |    22 |    53 |       ||    75
         Chain mail        |       |    16 |   187 ||   203
  Dodge: Dodged            |    30 |    52 |   125 ||   207
  Block: Buckler           |    21 |    27 |    90 ||   138

Table legend: (Time is in decaauts)
 A = Elapsed time spent in this place.
 B = Non-inter-level travel time spent in this place.
 C = Inter-level travel time spent in this place.
 D = Time resting spent in this place.
 E = Time spent auto-exploring this place.
 F = Levels seen in this place.
 G = Mean time per level.
                   A        B        C        D        E       F      G
               +--------+--------+--------+--------+--------+-----+--------+
         Total |   7581 |   7322 |    259 |    607 |   4374 |  10 |  758.1 |
       Dungeon |   6898 |   6639 |    259 |    353 |   4351 |   8 |  862.2 |
        Temple |    124 |    124 |      0 |     48 |      0 |   1 |  124.0 |
         Sewer |    558 |    558 |      0 |    206 |     23 |   1 |  558.0 |
               +--------+--------+--------+--------+--------+-----+--------+

Top non-repeatable levels by time:
     D:4: 962 daAuts
     D:1: 960 daAuts
     D:3: 884 daAuts
     D:7: 882 daAuts
     D:6: 816 daAuts
     D:2: 808 daAuts
     D:8: 791 daAuts
     D:5: 791 daAuts
   Sewer: 558 daAuts
  Temple: 124 daAuts
